3A
ATHLETIC CLUB KC U-24 @ MONROEVILLE YINZERS
06/22/2042
 
TOP OF THE 1ST
Athletic Club KC U-24 batting - Pitching for Monroeville Yinzers : RHP Rafael Márquez
Pitching: RHP Rafael Márquez
Batting: RHB David Bosingwa 0-0: Swinging Strike
0-1: Called Strike
0-2: Ball
1-2: Strikes out swinging
Batting: RHB Pedro Píaz 0-0: Ball
1-0: Foul Ball, location: 2F
1-1: Ball
2-1: Fly out, F9 (Line Drive, 9, EV 89.4 MPH)
Batting: SHB Osvaldo Ardiles 0-0: Called Strike
0-1: Ball
1-1: Ground out 4-3 (Groundball, 4, EV 85.0 MPH)
Top of the 1st over - 0 runs, 0 hits, 0 errors, 0 left on base; Athletic Club KC 0 - Monroeville 0
BOTTOM OF THE 1ST
Monroeville Yinzers batting - Pitching for Athletic Club KC U-24 : RHP Rodney Johnson
Pitching: RHP Rodney Johnson
Batting: LHB Rashid Jeltkov 0-0: Swinging Strike
0-1: Foul Ball, location: 2F
0-2: Ball
1-2: Foul Ball, location: 2F
1-2: Strikes out swinging
Batting: SHB Chong-hun Cho 0-0: Ball
1-0: Called Strike
1-1: Ball
2-1: Fly out, F7 (Line Drive, 7, EV 92.5 MPH)
Batting: RHB Félix Pacheco 0-0: Foul Ball, location: 2F
0-1: Reached on error, E4 (Groundball, 4, EV 106.2 MPH)
Batting: LHB Jang-lu Moy 0-0: Ball
1-0: SINGLE (Groundball, 4MD, EV 105.6 MPH)
Félix Pacheco to second
Runner from 2nd tries for 3rd, SAFE, throw by CF made to third
Batting: RHB Dave Hall 0-0: Ball
1-0: Ball
2-0: Ground out 1-3 (Groundball, 13S, EV 66.9 MPH)
Bottom of the 1st over - 0 runs, 1 hit, 1 error, 2 left on base; Athletic Club KC 0 - Monroeville 0
TOP OF THE 2ND
Athletic Club KC U-24 batting - Pitching for Monroeville Yinzers : RHP Rafael Márquez
Batting: LHB Ramiro Curran 0-0: Ball
1-0: Foul Ball, location: 2F
1-1: Ball
2-1: Foul Ball, location: 2F
2-2: Ball
3-2: Foul Ball, location: 2F
3-2: Ground out 4-3 (Groundball, 4S, EV 95.0 MPH)
Batting: LHB Greg Flynn 0-0: Fly out, F4 (Popup, 34, EV 53.8 MPH)
Batting: SHB Francisco Rojas 0-0: Called Strike
0-1: Fly out, F6 (Popup, 6M, EV 70.6 MPH)
Top of the 2nd over - 0 runs, 0 hits, 0 errors, 0 left on base; Athletic Club KC 0 - Monroeville 0
BOTTOM OF THE 2ND
Monroeville Yinzers batting - Pitching for Athletic Club KC U-24 : RHP Rodney Johnson
Batting: SHB John Clay 0-0: Ball
1-0: Ball
2-0: Called Strike
2-1: TRIPLE (Flyball, 89XD, EV 98.1 MPH)
Batting: RHB Christian Bray 0-0: Foul Ball, location: 2F
0-1: Ball
1-1: Foul Ball, location: 2F
1-2: Strikes out swinging
Batting: RHB Mike Sackett 0-0: Foul Ball, location: 2F
0-1: Foul Ball, location: 2F
0-2: Fly out, F8 (Flyball, 8RM, EV 80.0 MPH)
Runner from 3rd tags up, SCORES, no throw by CF
Batting: RHB Jackson Duffy 0-0: Ball
1-0: Ball
2-0: Fly out, F8 (Flyball, 8LD, EV 90.6 MPH)
Bottom of the 2nd over - 1 run, 1 hit, 0 errors, 0 left on base; Athletic Club KC 0 - Monroeville 1
TOP OF THE 3RD
Athletic Club KC U-24 batting - Pitching for Monroeville Yinzers : RHP Rafael Márquez
Batting: LHB Derek Robinson 0-0: Ball
1-0: Called Strike
1-1: Swinging Strike
1-2: Ball
2-2: Strikes out swinging
Batting: RHB Sam Jones 0-0: Ground out 6-3 (Groundball, 6S, EV 68.8 MPH)
Batting: RHB James Allingham 0-0: Ball
1-0: Called Strike
1-1: Foul Ball, location: 2F
1-2: Strikes out swinging
Top of the 3rd over - 0 runs, 0 hits, 0 errors, 0 left on base; Athletic Club KC 0 - Monroeville 1
BOTTOM OF THE 3RD
Monroeville Yinzers batting - Pitching for Athletic Club KC U-24 : RHP Rodney Johnson
Batting: LHB Rashid Jeltkov 0-0: Called Strike
0-1: Ball
1-1: Ball
2-1: Swinging Strike
2-2: Ground out 4-3 (Groundball, 4, EV 93.1 MPH)
Batting: SHB Chong-hun Cho 0-0: Ball
1-0: Ball
2-0: Foul Ball, location: 2F
2-1: Foul Ball, location: 2F
2-2: Ball
3-2: DOUBLE (Groundball, 3L, EV 103.8 MPH)
Batting: RHB Félix Pacheco 0-0: Called Strike
0-1: Foul Ball, location: 2F
0-2: Strikes out swinging
Batting: LHB Jang-lu Moy 0-0: Ball
1-0: Swinging Strike
1-1: Called Strike
1-2: Foul Ball, location: 2F
1-2: Ball
2-2: Ground out U3 (Groundball, 3, EV 87.5 MPH)
Bottom of the 3rd over - 0 runs, 1 hit, 0 errors, 1 left on base; Athletic Club KC 0 - Monroeville 1
TOP OF THE 4TH
Athletic Club KC U-24 batting - Pitching for Monroeville Yinzers : RHP Rafael Márquez
Batting: RHB David Bosingwa 0-0: SINGLE (Groundball, 6MD, EV 94.4 MPH)
Batting: RHB Pedro Píaz 0-0: Called Strike
0-1: Ball
1-1: Called Strike
1-2: Foul Ball, location: 2F
1-2: Ball
2-2: Ball
3-2: Foul Ball, location: 2F
3-2: Base on Balls
David Bosingwa to second
Batting: SHB Osvaldo Ardiles 0-0: Swinging Strike
0-1: Fielders Choice at 2nd, 1-6 (Groundball, 13S, EV 70.6 MPH)
David Bosingwa to third
Batting: LHB Ramiro Curran 0-0: Ball
1-0: Foul Ball, location: 2F
1-1: Ball
2-1: Fielders Choice at 2nd, 6-4 (Groundball, 6D, EV 106.9 MPH)
David Bosingwa scores
Batting: LHB Greg Flynn 0-0: Ball
1-0: Foul Ball, location: 2F
1-1: Called Strike
1-2: Strikes out swinging
Top of the 4th over - 1 run, 1 hit, 0 errors, 1 left on base; Athletic Club KC 1 - Monroeville 1
BOTTOM OF THE 4TH
Monroeville Yinzers batting - Pitching for Athletic Club KC U-24 : RHP Rodney Johnson
Batting: RHB Dave Hall 0-0: Ball
1-0: SINGLE (Line Drive, 3D, EV 109.4 MPH)
Batting: SHB John Clay 0-0: Fielders Choice at 2nd, 6-4 (Groundball, 6, EV 84.4 MPH)
Batting: RHB Christian Bray 0-0: SINGLE (Line Drive, 4D, EV 95.6 MPH)
John Clay to second
Batting: RHB Mike Sackett 0-0: Grounds into double play, 1-4-3 (Groundball, P, EV 80.6 MPH)
Bottom of the 4th over - 0 runs, 2 hits, 0 errors, 1 left on base; Athletic Club KC 1 - Monroeville 1
TOP OF THE 5TH
Athletic Club KC U-24 batting - Pitching for Monroeville Yinzers : RHP Rafael Márquez
Batting: SHB Francisco Rojas 0-0: Foul Ball, location: 2F
0-1: SOLO HOME RUN (Flyball, 7D, EV 103.8 MPH), Distance : 365 ft
Batting: LHB Derek Robinson 0-0: Ball
1-0: Swinging Strike
1-1: Called Strike
1-2: Ball
2-2: Ball
3-2: Base on Balls
Batting: RHB Sam Jones 0-0: Grounds into double play, 6-4-3 (Groundball, 6, EV 97.5 MPH)
Batting: RHB James Allingham 0-0: Called Strike
0-1: Swinging Strike
0-2: Ball
1-2: Strikes out swinging
Top of the 5th over - 1 run, 1 hit, 0 errors, 0 left on base; Athletic Club KC 2 - Monroeville 1
BOTTOM OF THE 5TH
Monroeville Yinzers batting - Pitching for Athletic Club KC U-24 : RHP Rodney Johnson
Batting: RHB Jackson Duffy 0-0: Ball
1-0: SINGLE (Flyball, 78S, EV 89.4 MPH)
Batting: LHB Rashid Jeltkov 0-0: Bunted foul
0-1: Sac Bunt to 13 - play at first, batter OUT! 1-4
Jackson Duffy to second
Batting: SHB Chong-hun Cho 0-0: Ball
1-0: Ground out 5-3 (Groundball, 5, EV 80.6 MPH)
Batting: RHB Félix Pacheco 0-0: Ball
1-0: Called Strike
1-1: Ball
2-1: Ball
3-1: Swinging Strike
3-2: Fly out, F9 (Flyball, 9D, EV 76.2 MPH)
Bottom of the 5th over - 0 runs, 1 hit, 0 errors, 1 left on base; Athletic Club KC 2 - Monroeville 1
TOP OF THE 6TH
Athletic Club KC U-24 batting - Pitching for Monroeville Yinzers : RHP Rafael Márquez
Batting: RHB David Bosingwa 0-0: Ground out 6-3 (Groundball, 6, EV 85.6 MPH)
Batting: RHB Pedro Píaz 0-0: SINGLE (Line Drive, 7S, EV 96.2 MPH)
Batting: SHB Osvaldo Ardiles 0-0: Ball
1-0: Fly out, F9 (Line Drive, 9, EV 86.9 MPH)
Batting: LHB Ramiro Curran 0-0: Fly out, F6 (Line Drive, 6, EV 68.1 MPH)
Top of the 6th over - 0 runs, 1 hit, 0 errors, 1 left on base; Athletic Club KC 2 - Monroeville 1
BOTTOM OF THE 6TH
Monroeville Yinzers batting - Pitching for Athletic Club KC U-24 : RHP Rodney Johnson
Batting: LHB Jang-lu Moy 0-0: Ball
1-0: Ground out 4-3 (Groundball, 4, EV 92.5 MPH)
Batting: RHB Dave Hall 0-0: Called Strike
0-1: Swinging Strike
0-2: Ball
1-2: Ground out 1-3 (Groundball, 13, EV 85.6 MPH)
Batting: SHB John Clay 0-0: Ball
1-0: SINGLE (Groundball, 6S, EV 73.8 MPH) (infield hit)
Batting: RHB Christian Bray 0-0: Swinging Strike
0-1: Fielders Choice at 2nd, 5-4 (Groundball, 56, EV 88.8 MPH)
Bottom of the 6th over - 0 runs, 1 hit, 0 errors, 1 left on base; Athletic Club KC 2 - Monroeville 1
TOP OF THE 7TH
Athletic Club KC U-24 batting - Pitching for Monroeville Yinzers : RHP Rafael Márquez
Batting: LHB Greg Flynn 0-0: Foul Ball, location: 2F
0-1: Foul Ball, location: 2F
0-2: Strikes out looking
Batting: SHB Francisco Rojas 0-0: Called Strike
0-1: Ball
1-1: Swinging Strike
1-2: Ground out 3-1 (Groundball, 34D, EV 86.9 MPH)
Batting: LHB Derek Robinson 0-0: Ball
1-0: Foul Ball, location: 2F
1-1: Called Strike
1-2: Ball
2-2: Fly out, F8 (Flyball, 8RM, EV 88.1 MPH)
Top of the 7th over - 0 runs, 0 hits, 0 errors, 0 left on base; Athletic Club KC 2 - Monroeville 1
BOTTOM OF THE 7TH
Monroeville Yinzers batting - Pitching for Athletic Club KC U-24 : RHP Rodney Johnson
Batting: RHB Mike Sackett 0-0: Ball
1-0: Called Strike
1-1: Foul Ball, location: 2F
1-2: Ball
2-2: Ball
3-2: Foul Ball, location: 2F
3-2: Ground out 1-3 (Groundball, 25, EV 85.0 MPH)
Batting: RHB Jackson Duffy 0-0: Called Strike
0-1: Ball
1-1: Called Strike
1-2: Ball
2-2: Ball
3-2: Foul Ball, location: 2F
3-2: Strikes out swinging
Batting: LHB Rashid Jeltkov 0-0: Ball
1-0: Swinging Strike
1-1: Ball
2-1: Called Strike
2-2: Ball
3-2: Foul Ball, location: 2F
3-2: Foul Ball, location: 2F
3-2: Ground out 5-3 (Groundball, 56, EV 106.9 MPH)
Bottom of the 7th over - 0 runs, 0 hits, 0 errors, 0 left on base; Athletic Club KC 2 - Monroeville 1
TOP OF THE 8TH
Athletic Club KC U-24 batting - Pitching for Monroeville Yinzers : RHP Rafael Márquez
Batting: RHB Sam Jones 0-0: Foul Ball, location: 2F
0-1: Ground out 5-3 (Groundball, 56S, EV 85.0 MPH)
Batting: RHB James Allingham 0-0: Fly out, F9 (Line Drive, 9, EV 86.2 MPH)
Batting: RHB David Bosingwa 0-0: Ground out 5-3 (Groundball, 56S, EV 90.6 MPH)
Top of the 8th over - 0 runs, 0 hits, 0 errors, 0 left on base; Athletic Club KC 2 - Monroeville 1
BOTTOM OF THE 8TH
Monroeville Yinzers batting - Pitching for Athletic Club KC U-24 : RHP Rodney Johnson
Pitching: RHP Jeffrey Strickland
Batting: SHB Chong-hun Cho 0-0: Ball
1-0: Ball
2-0: Called Strike
2-1: Ball
3-1: Swinging Strike
3-2: Ground out 1-3 (Groundball, 15S, EV 69.4 MPH)
Batting: RHB Félix Pacheco 0-0: Called Strike
0-1: Ground out 6-3 (Groundball, 6, EV 106.2 MPH)
Batting: LHB Jang-lu Moy 0-0: Called Strike
0-1: Ball
1-1: Foul Ball, location: 2F
1-2: Foul Ball, location: 2F
1-2: Strikes out looking
Bottom of the 8th over - 0 runs, 0 hits, 0 errors, 0 left on base; Athletic Club KC 2 - Monroeville 1
TOP OF THE 9TH
Athletic Club KC U-24 batting - Pitching for Monroeville Yinzers : RHP Rafael Márquez
Batting: RHB Pedro Píaz 0-0: Ball
1-0: Foul Ball, location: 2F
1-1: Ball
2-1: Foul Ball, location: 2F
2-2: Foul Ball, location: 2F
2-2: SINGLE (Groundball, 56D, EV 101.2 MPH)
Batting: SHB Osvaldo Ardiles 0-0: Called Strike
0-1: Ball
1-1: Ball
2-1: Swinging Strike
2-2: Strikes out looking
Pitching: RHP Edward Swetnam
Batting: LHB Ramiro Curran 0-0: Ball
1-0: Ball
2-0: Ball
3-0: Called Strike
3-1: Called Strike
3-2: Ground out 1-3 (Groundball, 34S, EV 88.8 MPH)
Pedro Píaz to second
Batting: LHB Greg Flynn 0-0: Ball
1-0: Called Strike
1-1: Foul Ball, location: 2F
1-2: Ball
2-2: Ball
3-2: Ground out 1-3 (Groundball, 23, EV 86.9 MPH)
Top of the 9th over - 0 runs, 1 hit, 0 errors, 1 left on base; Athletic Club KC 2 - Monroeville 1
BOTTOM OF THE 9TH
Monroeville Yinzers batting - Pitching for Athletic Club KC U-24 : RHP Jeffrey Strickland
Batting: RHB Dave Hall 0-0: Foul Ball, location: 2F
0-1: Ball
1-1: Foul Ball, location: 2F
1-2: Foul Ball, location: 2F
1-2: Ball
2-2: Ball
3-2: Strikes out swinging
Pitching: RHP Juan Andrés Saelices
Batting: SHB John Clay 0-0: Called Strike
0-1: Ball
1-1: Swinging Strike
1-2: Ball
2-2: Ball
3-2: Ground out 6-3 (Groundball, 4M, EV 88.1 MPH)
Pinch Hitting: RHB Rubén Camacho 0-0: Ball
1-0: Ball
2-0: Called Strike
2-1: Foul Ball, location: 2F
2-2: Strikes out swinging
Bottom of the 9th over - 0 runs, 0 hits, 0 errors, 0 left on base; Athletic Club KC 2 - Monroeville 1
Friday, March 26th, 2021 - OOTP Baseball 20.8 Build 74